 Dungeon Crawl Stone Soup version 0.17-a0-1403-g9df874c (webtiles) character file.

2599 OTRawrior the Conjurer (level 9, 0/75 HPs)
             Began as a Gargoyle Wizard on June 20, 2015.
             Was a Believer of Vehumet.
             Slain by Joseph
             ... wielding a +3 quarterstaff of draining
              (9 damage)
             ... on level 8 of the Dungeon.
             The game lasted 00:22:58 (6934 turns).

OTRawrior the Conjurer (Gargoyle Wizard)            Turns: 6934, Time: 00:22:58

Health: 0/75       AC: 11    Str: 17    XL:     9   Next: 59%
Magic:  1/19       EV: 11    Int: 21    God:    Vehumet [**....]
Gold:   327        SH:  0    Dex:  8    Spells: 4 memorised, 12 levels left

rFire  . . .     SeeInvis .     k - +3 whip (drain)
rCold  + . .     Clarity  .     f - +1 leather armour {rC+}
rNeg   + . .     SustAt   .     (no shield)
rPois  ∞         Gourm    .     b - +0 hat
rElec  +         Spirit   .     (no cloak)
rCorr  .         Warding  .     (no gloves)
rMut   .         Stasis   .     y - +0 pair of boots
MR     .....                    (no amulet)
Stlth  ..........               C - ring of stealth
                                v - ring of wizardry

@: berserking, repel missiles, very quick, not resistant to hostile
enchantments, extremely unstealthy
A: negative energy resistance 1, electricity resistance, unbreathing,
petrification resistance, rot immunity, AC +5
a: Renounce Religion


You were on level 8 of the Dungeon.
You worshipped Vehumet.
Vehumet was pleased with you.
You were hungry.

You visited 2 branches of the dungeon, and saw 9 of its levels.

You collected 327 gold pieces.

Inventory:

Hand weapons
 k - a +3 whip of draining (weapon)
Armour
 b - a +0 hat (worn)
 f - a +1 leather armour of cold resistance (worn)
 y - a +0 pair of boots (worn)
Jewellery
 v - a ring of wizardry (left hand)
 A - a +1 ring of slaying
 C - a ring of stealth (right hand)
 I - an uncursed ring of protection from fire
 L - an uncursed ring of ice {unknown}
Magical devices
 F - a wand of draining (5)
 J - a wand of random effects (31)
 K - a wand of frost (38)
 M - a wand of confusion (17)
Scrolls
 e - 3 scrolls of identify
 i - a scroll of enchant armour
 l - 3 scrolls of immolation
 u - 5 scrolls of teleportation
 H - a scroll of remove curse
Potions
 h - a potion of brilliance
 j - a potion of mutation {unknown}
 m - a potion of degeneration {unknown}
 n - a potion of haste {unknown}
 r - 2 potions of lignification {unknown}
 s - a potion of cancellation
 t - a potion of might {unknown}
 x - a potion of curing {unknown}
 z - a potion of berserk rage
 B - 2 potions of flight {unknown}
 E - a potion of invisibility {unknown}
Books
 c - a book of Minor Magic

   Spells                             Type                      Level
   a - Magic Dart                     Conjuration                  1
   b - Blink                          Translocation                2
   c - Call Imp                       Summoning                    2
   d - Repel Missiles                 Charms/Air                   2
   e - Slow                           Hexes                        2
   f - Conjure Flame                  Conjuration/Fire             3
   g - Mephitic Cloud                 Conjuration/Poison/Air       3
 q - the Collected Works on Supportive Unholy Rituals
   (You found it on level 5 of the Dungeon)

   Spells                             Type                      Level
   a - Summon Guardian Golem          Hexes/Summoning              3
   b - Control Undead                 Necromancy                   4
   c - Simulacrum                     Ice/Necromancy               6
   d - Summon Hydra                   Summoning                    7
 D - a book of Changes

   Spells                             Type                      Level
   a - Beastly Appendage              Transmutation                1
   b - Sticks to Snakes               Transmutation                2
   c - Spider Form                    Transmutation/Poison         3
   d - Ice Form                       Ice/Transmutation            4
   e - Blade Hands                    Transmutation                5
Comestibles
 d - 5 bread rations
 g - 9 fruits
 o - a royal jelly
 p - 10 slices of pizza
 w - 6 meat rations
 G - 2 beef jerkies


   Skills:
 + Level 3.1 Fighting
 + Level 3.7 Armour
 - Level 1.7 Dodging
 - Level 2.1 Stealth
 * Level 6.9 Spellcasting
 * Level 7.5 Conjurations
   Level 0.8 Summonings
   Level 0.8 Translocations
 * Level 4.5 Fire Magic
 * Level 3.5 Air Magic
 + Level 0.6 Evocations


You had 12 spell levels left.
You knew the following spells:

 Your Spells              Type           Power        Failure   Level  Hunger
a - Magic Dart            Conj           ####         1%          1    None
b - Conjure Flame         Conj/Fire      ####....     1%          3    #......
c - Mephitic Cloud        Conj/Pois/Air  ###.....     4%          3    #......
A - Repel Missiles        Chrm/Air       ##....       4%          2    None


Dungeon Overview and Level Annotations

Branches:
Dungeon (8/15)             Temple (1/1) D:4
   Lair: D:8-11

Altars:
Ashenzari
Cheibriados
Dithmenos
Elyvilon
Fedhas
Gozag
Kikubaaqudgha
Makhleb
Nemelex Xobeh
Okawaru
Qazlal
Ru
Sif Muna
Trog
Vehumet
Xom
Yredelemnul
Zin
The Shining One

Shops:
D:4 [

Annotations:
D:8 Joseph


Innate Abilities, Weirdness & Mutations

You are resistant to torment.
Your stone body is resilient (AC +5).
You are immune to poison.
You resist negative energy.
You are resistant to electric shocks.
You can survive without breathing.
You are immune to petrification.
You are immune to rotting.


Message History

Joseph is almost dead.
Joseph hits you with an uncursed quarterstaff of draining!
* * * LOW HITPOINT WARNING * * *
Drink which item? (? for menu, Esc to quit)
It was a potion of berserk rage.
A red film seems to cover your vision as you go berserk!
You feel yourself moving faster!
You feel mighty!
You hit Joseph but do no damage.
Joseph is almost dead.
Joseph hits you but does no damage.
You barely miss Joseph.
Joseph is almost dead.
Joseph hits you with an uncursed quarterstaff of draining.
* * * LOW HITPOINT WARNING * * *
You closely miss Joseph.
Joseph is almost dead.
You barely miss Joseph.
Joseph is almost dead.
Joseph hits you with an uncursed quarterstaff of draining!
You die...

#.## ### ### ##.# #.## #.#
## #.## ##.# ##.# #. ##.##
##.###.## .# #..###...##.#
##. ##.>........# #o# ..
##..........######.# #..#
#..#######.....##..#.o..#
.##...# #(...@@(........#
......#####....###([.......#
..............## ##..#......
....###.)..#..# #...#.....
....###....##.# ##..#..###
#..# #.....##.. #.#...#
#..###.....##. ##...##
...##..##..# ...# ..##...#
..# .. #


You could see Joseph and an orc (confused).

Vanquished Creatures
  A two-headed ogre (D:8)
  Sigmund (D:4)
  A human (D:7)
  A hog (D:7)
  Menkaure (D:6)
  Edmund (D:6)
  An orc warrior (D:7)
  A centaur (D:7)
  3 ogres
  An ice beast (D:8)
  A giant frog (D:7)
  4 killer bees (D:7)
  A scorpion (D:8)
  A centaur zombie (D:5)
  A crimson imp (D:5)
  2 jellies
  A centaur skeleton (D:4)
  4 orc priests
  Ijyb (D:3)
  4 orc wizards
  2 hounds
  5 worker ants
  3 sheep (D:7)
  A mummy (D:7)
  7 adders
  A gnoll (D:2)
  An adder skeleton (D:5)
  4 worms
  8 giant geckos
  13 orcs
  A ball python (D:1)
  2 giant cockroaches
  10 hobgoblins
  4 jackals (D:1)
  2 quokkas (D:5)
  11 bats
  4 giant newts
  9 goblins
  A hobgoblin zombie (D:7)
  A jackal skeleton (D:5)
  7 kobolds
  2 kobold zombies (D:7)
  An orc zombie (D:7)
  9 rats
141 creatures vanquished.

Vanquished Creatures (others)
  A deep elf mage (D:7)
1 creature vanquished.

Grand Total: 142 creatures vanquished

Notes
Turn   | Place    | Note
--------------------------------------------------------------
     0 | D:1      | OTRawrior the Gargoyle Wizard began the quest for the Orb.
     0 | D:1      | Reached XP level 1. HP: 10/10 MP: 4/4
   209 | D:1      | Reached XP level 2. HP: 12/15 MP: 1/6
   384 | D:1      | Learned a level 2 spell: Repel Missiles
   823 | D:2      | Reached XP level 3. HP: 16/19 MP: 0/7
  1389 | D:2      | Found a sacrificial altar of Ru.
  1398 | D:2      | Became a worshipper of Ru the Awakened
  1802 | D:3      | Reached XP level 4. HP: 24/24 MP: 3/9
  1807 | D:3      | Learned a level 3 spell: Conjure Flame
  1811 | D:3      | Learned a level 3 spell: Mephitic Cloud
  1923 | D:3      | Noticed Ijyb
  1936 | D:3      | Killed Ijyb
  1936 | D:3      | Reached skill level 4 in Spellcasting
  2176 | D:3      | Found an opulent altar of Gozag.
  2320 | D:3      | Reached XP level 5. HP: 28/28 MP: 7/11
  2544 | D:4      | Noticed an ogre
  2551 | D:4      | Killed an ogre
  2611 | D:4      | Reached XP level 6. HP: 27/32 MP: 6/13
  2686 | D:4      | Fell from the grace of Ru
  2691 | D:4      | Found a staircase to the Ecumenical Temple.
  2699 | Temple   | Entered the Ecumenical Temple
  2793 | Temple   | Became a worshipper of Vehumet
  2833 | D:4      | Noticed Sigmund
  2868 | D:4      | Killed Sigmund
  2868 | D:4      | Reached skill level 5 in Spellcasting
  2868 | D:4      | Reached skill level 5 in Conjurations
  2942 | D:4      | Reached XP level 7. HP: 33/36 MP: 7/15
  3220 | D:4      | Found Got Zuak's Armour Shoppe.
  3326 | D:5      | Entered Level 5 of the Dungeon
  3352 | D:4      | Reached skill level 1 in Fire Magic
  3418 | D:4      | Reached skill level 1 in Air Magic
  3608 | D:5      | Reached skill level 1 in Armour
  3749 | D:5      | Reached skill level 1 in Fighting
  3895 | D:5      | Identified the Collected Works on Supportive Unholy Rituals
  3910 | D:5      | Acquired Vehumet's first power
  3910 | D:5      | Offered knowledge of Flame Tongue by Vehumet.
  4213 | D:5      | Reached XP level 8. HP: 40/43 MP: 11/16
  4425 | D:6      | Noticed Menkaure
  4436 | D:6      | Killed Menkaure
  4436 | D:6      | Reached skill level 6 in Conjurations
  4530 | D:6      | Found a blossoming altar of Fedhas.
  4568 | D:6      | Noticed Edmund
  4586 | D:6      | Killed Edmund
  5476 | D:7      | Reached XP level 9. HP: 47/49 MP: 9/18
  5600 | D:7      | Offered knowledge of Throw Flame by Vehumet.
  5785 | D:7      | Noticed a deep elf mage
  5792 | D:7      | Killed a deep elf mage
  6299 | D:7      | Reached skill level 7 in Conjurations
  6884 | D:8      | Noticed Joseph
  6917 | D:8      | Offered knowledge of Dazzling Spray by Vehumet.
  6934 | D:8      | Slain by Joseph

Vault maps used:
D:1:      eino_arrival_water_star
D:2:      nicolae_ru_path_of_blood
D:3:      first_bread, grunt_gozag_breadcrumbs, uniq_iyjb
D:4:      minmay_temple_entry_water_ring, serial_shops, nicolae_shop_stone,
          kennysheep_generic_room_11, uniq_sigmund
D:6:      nicolae_overflow_hidden_temple, serial_bayou_pond_d, uniq_edmund,
          uniq_menkaure
D:7:      grunt_livestock, minmay_mini_ossuary
D:8:      minmay_misc_feat_roman, uniq_erica, uniq_joseph
Temple:   kilobyte_greek_temple_18

Action                   |  1- 3 |  4- 6 |  7- 9 || total
-------------------------+-------+-------+-------++-------
Melee: Unarmed           |    76 |       |       ||    76
       Whip              |    26 |    45 |   165 ||   236
 Cast: Magic Dart        |    88 |    42 |   230 ||   360
       Mephitic Cloud    |       |     3 |    14 ||    17
       Conjure Flame     |       |       |     6 ||     6
       Repel Missiles    |       |       |     2 ||     2
Invok: Renounce Religion |       |     1 |       ||     1
  Use: Scroll            |       |       |    17 ||    17
       Potion            |       |       |     4 ||     4
 Stab: Confused          |       |     1 |       ||     1
       Sleeping          |       |       |     1 ||     1
  Eat: Chunk             |     3 |     3 |    12 ||    18
       Fruit             |       |     1 |       ||     1
